EL
BOWIE BAYSOX @ CORPUS CHRISTI HOOKS
06/26/2048
 
TOP OF THE 1ST
Bowie Baysox batting - Pitching for Corpus Christi Hooks : RHP Muckle Wildriver
Pitching: RHP Muckle Wildriver
Batting: RHB Travis Leonard 0-0: Fly out, F8 (Flyball, 8LM, EV 82.5 MPH)
Batting: LHB Tom Edwards 0-0: Ball
1-0: Called Strike
1-1: Swinging Strike
1-2: Foul Ball, location: 2F
1-2: Ball
2-2: Strikes out swinging
Batting: RHB Muneer Maudad 0-0: Called Strike
0-1: Ball
1-1: Ball
2-1: Foul Ball, location: 2F
2-2: Strikes out swinging
Top of the 1st over - 0 runs, 0 hits, 0 errors, 0 left on base; Bowie 0 - Corpus Christi 0
BOTTOM OF THE 1ST
Corpus Christi Hooks batting - Pitching for Bowie Baysox : LHP Mark Gehring
Pitching: LHP Mark Gehring
Batting: RHB Mark Cahill 0-0: Ball
1-0: Called Strike
1-1: Foul Ball, location: 2F
1-2: Foul Ball, location: 2F
1-2: Foul Ball, location: 2F
1-2: Foul Ball, location: 2F
1-2: Ground out 5-3 (Groundball, 56S, EV 83.1 MPH)
Batting: RHB Bruce Bermudez 0-0: SINGLE (Groundball, 5S, EV 65.6 MPH) (infield hit)
Batting: LHB Josh Corkery 0-0: SINGLE (Line Drive, 7S, EV 96.9 MPH)
Bruce Bermudez to second
Batting: RHB Ramon Castellon 0-0: Swinging Strike
0-1: Ball
1-1: Ball
2-1: Foul Ball, location: 2F
2-2: DOUBLE (Line Drive, 78D, EV 101.9 MPH)
Bruce Bermudez scores
Josh Corkery to third
Runner from 3rd tries for Home, SAFE, throw by CF to trailing runner, SAFE at third!
Batting: LHB Bob Dietz 0-0: Ground out 6-3 (Groundball, 6MD, EV 104.4 MPH)
Ramon Castellon scores
Batting: LHB Josh Birkner 0-0: Ball
1-0: Foul Ball, location: 2F
1-1: Called Strike
1-2: Ground out 6-3 (Groundball, 4, EV 83.8 MPH)
Bottom of the 1st over - 3 runs, 3 hits, 0 errors, 0 left on base; Bowie 0 - Corpus Christi 3
TOP OF THE 2ND
Bowie Baysox batting - Pitching for Corpus Christi Hooks : RHP Muckle Wildriver
Batting: LHB Andrew Erens 0-0: Ball
1-0: Ball
2-0: Called Strike
2-1: Ground out 4-3 (Groundball, 4, EV 90.0 MPH)
Batting: RHB John Gray 0-0: Ball
1-0: Fly out, F9 (Flyball, 9S, EV 93.8 MPH)
Batting: RHB Andy Chess 0-0: Called Strike
0-1: Swinging Strike
0-2: Strikes out swinging
Top of the 2nd over - 0 runs, 0 hits, 0 errors, 0 left on base; Bowie 0 - Corpus Christi 3
BOTTOM OF THE 2ND
Corpus Christi Hooks batting - Pitching for Bowie Baysox : LHP Mark Gehring
Batting: LHB Chris Cabrera 0-0: Ball
1-0: Ball
2-0: Called Strike
2-1: Foul Ball, location: 2F
2-2: Ball
3-2: Strikes out looking
Batting: RHB Masaru Konno 0-0: Ball
1-0: Swinging Strike
1-1: Ball
2-1: DOUBLE (Flyball, 8RXD, EV 106.9 MPH)
Batting: RHB Ben Minge 0-0: Foul Ball, location: 2F
0-1: Ball
1-1: Foul Ball, location: 2F
1-2: Foul Ball, location: 2F
1-2: Foul Ball, location: 2F
1-2: Ball
2-2: Ball
3-2: SINGLE (Line Drive, 8LS, EV 88.1 MPH)
Masaru Konno to third
Batting: RHB Mark Cahill 0-0: Foul Ball, location: 2F
0-1: Ball
1-1: Fly out, F8 (Flyball, 78M, EV 90.6 MPH)
Runner from 3rd tags up, SCORES, throw by CF
Batting: RHB Bruce Bermudez 0-0: SINGLE (Line Drive, 9LS, EV 100.0 MPH)
Ben Minge to second
Runner from 2nd tries for 3rd, SAFE, throw by RF made to third
Batting: LHB Josh Corkery 0-0: Called Strike
0-1: Fly out, F8 (Flyball, 8RM, EV 85.6 MPH)
Bottom of the 2nd over - 1 run, 3 hits, 0 errors, 2 left on base; Bowie 0 - Corpus Christi 4
TOP OF THE 3RD
Bowie Baysox batting - Pitching for Corpus Christi Hooks : RHP Muckle Wildriver
Batting: LHB Justin Moore 0-0: Swinging Strike
0-1: Foul Ball, location: 2F
0-2: Ball
1-2: Ball
2-2: Foul Ball, location: 2F
2-2: Strikes out swinging
Batting: RHB Ray Sims 0-0: Called Strike
0-1: Ball
1-1: Fly out, F9 (Flyball, 9, EV 83.8 MPH)
Batting: RHB Ken Jenkins 0-0: Fly out, F7 (Flyball, 7, EV 84.4 MPH)
Top of the 3rd over - 0 runs, 0 hits, 0 errors, 0 left on base; Bowie 0 - Corpus Christi 4
BOTTOM OF THE 3RD
Corpus Christi Hooks batting - Pitching for Bowie Baysox : LHP Mark Gehring
Batting: RHB Ramon Castellon 0-0: Called Strike
0-1: Called Strike
0-2: Foul Ball, location: 2F
0-2: Fly out, F8 (Flyball, 78D, EV 83.1 MPH)
Batting: LHB Bob Dietz 0-0: Ball
1-0: Called Strike
1-1: Ball
2-1: Ground out 4-3 (Groundball, 4, EV 78.8 MPH)
Batting: LHB Josh Birkner 0-0: Ball
1-0: Fly out, F8 (Flyball, 8LXD, EV 92.5 MPH)
Bottom of the 3rd over - 0 runs, 0 hits, 0 errors, 0 left on base; Bowie 0 - Corpus Christi 4
TOP OF THE 4TH
Bowie Baysox batting - Pitching for Corpus Christi Hooks : RHP Muckle Wildriver
Batting: RHB Travis Leonard 0-0: Ball
1-0: Called Strike
1-1: Ball
2-1: Swinging Strike
2-2: SINGLE (Groundball, 5S, EV 75.0 MPH) (infield hit)
Batting: LHB Tom Edwards 0-0: Fly out, F9 (Line Drive, 9, EV 98.8 MPH)
Batting: RHB Muneer Maudad 0-0: Called Strike
0-1: Ball
1-1: Called Strike
Travis Leonard steals 2nd base
1-2: Ball
2-2: Strikes out looking
Batting: LHB Andrew Erens 0-0: Ball
1-0: Ball
2-0: Ball
3-0: Base on Balls
Batting: RHB John Gray 0-0: Ball
1-0: Ball
2-0: Ball
3-0: Called Strike
3-1: Base on Balls
Travis Leonard to third
Andrew Erens to second
Batting: RHB Andy Chess 0-0: Ball
1-0: Called Strike
1-1: Called Strike
1-2: Ball
2-2: Foul Ball, location: 2F
2-2: Foul Ball, location: 2F
2-2: Strikes out swinging
Top of the 4th over - 0 runs, 1 hit, 0 errors, 3 left on base; Bowie 0 - Corpus Christi 4
BOTTOM OF THE 4TH
Corpus Christi Hooks batting - Pitching for Bowie Baysox : LHP Mark Gehring
Batting: LHB Chris Cabrera 0-0: Ball
1-0: SINGLE (Line Drive, 9S, EV 100.0 MPH)
Batting: RHB Masaru Konno 0-0: Ball
1-0: Foul Ball, location: 2F
1-1: Fly out, F7 (Flyball, 78M, EV 79.4 MPH)
Batting: RHB Ben Minge 0-0: Foul Ball, location: 2F
0-1: Ball
1-1: Ball
2-1: Foul Ball, location: 2F
2-2: Strikes out swinging
Batting: RHB Mark Cahill 0-0: Ball
1-0: Ball
2-0: Called Strike
2-1: Ball
3-1: Called Strike
3-2: Strikes out swinging
Bottom of the 4th over - 0 runs, 1 hit, 0 errors, 1 left on base; Bowie 0 - Corpus Christi 4
TOP OF THE 5TH
Bowie Baysox batting - Pitching for Corpus Christi Hooks : RHP Muckle Wildriver
Batting: LHB Justin Moore 0-0: Called Strike
0-1: Swinging Strike
0-2: Foul Ball, location: 2F
0-2: Foul Ball, location: 2F
0-2: Foul Ball, location: 2F
0-2: Ball
1-2: Strikes out swinging
Batting: RHB Ray Sims 0-0: Ball
1-0: Ball
2-0: Ball
3-0: Called Strike
3-1: Foul Ball, location: 2F
3-2: Base on Balls
Batting: RHB Ken Jenkins 0-0: Called Strike
Ray Sims steals 2nd base
0-1: Ball
1-1: Called Strike
1-2: Strikes out looking
Batting: RHB Travis Leonard 0-0: Ball
1-0: Called Strike
1-1: Foul Ball, location: 2F
1-2: Strikes out swinging
Top of the 5th over - 0 runs, 0 hits, 0 errors, 1 left on base; Bowie 0 - Corpus Christi 4
BOTTOM OF THE 5TH
Corpus Christi Hooks batting - Pitching for Bowie Baysox : LHP Mark Gehring
Batting: RHB Bruce Bermudez 0-0: Called Strike
0-1: Ball
1-1: Ball
2-1: Foul Ball, location: 2F
2-2: Strikes out swinging
Batting: LHB Josh Corkery 0-0: Ball
1-0: Ball
2-0: Called Strike
2-1: Ball
3-1: Foul Ball, location: 2F
3-2: Fly out, F7 (Flyball, 78S, EV 91.9 MPH)
Batting: RHB Ramon Castellon 0-0: Called Strike
0-1: Ball
1-1: Ground out 4-3 (Groundball, 34D, EV 109.4 MPH)
Bottom of the 5th over - 0 runs, 0 hits, 0 errors, 0 left on base; Bowie 0 - Corpus Christi 4
TOP OF THE 6TH
Bowie Baysox batting - Pitching for Corpus Christi Hooks : RHP Muckle Wildriver
Batting: LHB Tom Edwards 0-0: Foul Ball, location: 2F
0-1: Ground out 4-3 (Groundball, 4, EV 91.9 MPH)
Batting: RHB Muneer Maudad 0-0: Ball
1-0: Ball
2-0: Ground out 6-3 (Groundball, 6, EV 86.9 MPH)
Batting: LHB Andrew Erens 0-0: Ground out 2-3 (Groundball, 2R, EV 71.9 MPH)
Top of the 6th over - 0 runs, 0 hits, 0 errors, 0 left on base; Bowie 0 - Corpus Christi 4
BOTTOM OF THE 6TH
Corpus Christi Hooks batting - Pitching for Bowie Baysox : LHP Mark Gehring
Pitching: RHP Josh Blankenship
Batting: LHB Bob Dietz 0-0: Ball
1-0: Ball
2-0: Called Strike
2-1: Ball
3-1: Foul Ball, location: 2F
3-2: Ground out 4-3 (Groundball, 4, EV 86.2 MPH)
Batting: LHB Josh Birkner 0-0: Ball
1-0: Called Strike
1-1: Ball
2-1: SINGLE (Line Drive, 7LS, EV 102.5 MPH)
Batting: LHB Chris Cabrera 0-0: Called Strike
0-1: SINGLE (Line Drive, 5D, EV 97.5 MPH)
Josh Birkner to second
Batting: RHB Masaru Konno 0-0: Called Strike
0-1: Ball
1-1: Fly out, F8 (Flyball, 8RXD, EV 110.0 MPH)
Runner from 2nd tags up, SAFE at 3rd, no throw by CF
Batting: RHB Ben Minge 0-0: Ball
1-0: Swinging Strike
1-1: Swinging Strike
1-2: Strikes out swinging
Bottom of the 6th over - 0 runs, 2 hits, 0 errors, 2 left on base; Bowie 0 - Corpus Christi 4
TOP OF THE 7TH
Bowie Baysox batting - Pitching for Corpus Christi Hooks : RHP Muckle Wildriver
Batting: RHB John Gray 0-0: Ball
1-0: Foul Ball, location: 2F
1-1: DOUBLE (Flyball, 8LXD, EV 100.0 MPH)
Batting: RHB Andy Chess 0-0: Ball
1-0: Swinging Strike
1-1: Called Strike
1-2: Ball
2-2: Foul Ball, location: 2F
2-2: Ball
3-2: Foul Ball, location: 2F
3-2: Strikes out swinging
Pitching: RHP Elroy Meulenkamp
Batting: LHB Justin Moore 0-0: Ball
1-0: Ball
2-0: Ground out 4-3 (Groundball, 4, EV 94.4 MPH)
John Gray to third
Batting: RHB Ray Sims 0-0: Called Strike
0-1: Ball
1-1: Foul Ball, location: 2F
1-2: Foul Ball, location: 2F
1-2: Foul Ball, location: 2F
1-2: Ball
2-2: Foul Ball, location: 2F
2-2: Strikes out swinging
Top of the 7th over - 0 runs, 1 hit, 0 errors, 1 left on base; Bowie 0 - Corpus Christi 4
BOTTOM OF THE 7TH
Corpus Christi Hooks batting - Pitching for Bowie Baysox : RHP Josh Blankenship
Batting: RHB Mark Cahill 0-0: SINGLE (Line Drive, 6MD, EV 102.5 MPH)
Batting: RHB Bruce Bermudez 0-0: Called Strike
Mark Cahill is caught stealing 2nd base 2-4
0-1: Ball
1-1: Called Strike
1-2: Ball
2-2: Ball
3-2: Strikes out swinging
Batting: LHB Josh Corkery 0-0: Ball
1-0: Foul Ball, location: 2F
1-1: Swinging Strike
1-2: Ball
2-2: Ball
3-2: Strikes out swinging
Bottom of the 7th over - 0 runs, 1 hit, 0 errors, 0 left on base; Bowie 0 - Corpus Christi 4
TOP OF THE 8TH
Bowie Baysox batting - Pitching for Corpus Christi Hooks : RHP Elroy Meulenkamp
Pitching: RHP Zack Evans
Batting: RHB Ken Jenkins 0-0: Ball
1-0: Called Strike
1-1: Foul Ball, location: 2F
1-2: Strikes out looking
Batting: RHB Travis Leonard 0-0: SINGLE (Groundball, 6M, EV 107.5 MPH)
Batting: LHB Tom Edwards 0-0: Ball
1-0: Ball
2-0: Called Strike
2-1: Swinging Strike
2-2: Foul Ball, location: 2F
2-2: Strikes out swinging
Batting: RHB Muneer Maudad 0-0: Ball
1-0: Ball
2-0: Ball
3-0: Base on Balls
Travis Leonard to second
Batting: LHB Andrew Erens 0-0: Fly out, F9 (Flyball, 9D, EV 99.4 MPH)
Top of the 8th over - 0 runs, 1 hit, 0 errors, 2 left on base; Bowie 0 - Corpus Christi 4
BOTTOM OF THE 8TH
Corpus Christi Hooks batting - Pitching for Bowie Baysox : RHP Josh Blankenship
Pitching: LHP John Dyer
Batting: RHB Ramon Castellon 0-0: Called Strike
0-1: Foul Ball, location: 2F
0-2: Ball
1-2: SINGLE (Groundball, 6MD, EV 105.0 MPH)
Batting: LHB Bob Dietz 0-0: Called Strike
0-1: Fly out, F7 (Line Drive, 7D, EV 107.5 MPH)
Batting: LHB Josh Birkner 0-0: Called Strike
0-1: Ball
1-1: Swinging Strike
1-2: Foul Ball, location: 2F
1-2: Ball
2-2: Ground out 4-3 (Groundball, 13, EV 86.2 MPH)
Ramon Castellon to second
Batting: LHB Chris Cabrera 0-0: Swinging Strike
0-1: Called Strike
0-2: Ball
1-2: Foul Ball, location: 2F
1-2: Foul Ball, location: 2F
1-2: Foul Ball, location: 2F
1-2: Strikes out looking
Bottom of the 8th over - 0 runs, 1 hit, 0 errors, 1 left on base; Bowie 0 - Corpus Christi 4
TOP OF THE 9TH
Bowie Baysox batting - Pitching for Corpus Christi Hooks : RHP Zack Evans
Batting: RHB John Gray 0-0: Foul Ball, location: 2F
0-1: Called Strike
0-2: Ball
1-2: Strikes out swinging
Batting: RHB Andy Chess 0-0: Ball
1-0: Ground out 1-3 (Groundball, 15S, EV 73.1 MPH)
Batting: LHB Justin Moore 0-0: Called Strike
0-1: Foul Ball, location: 2F
0-2: Ball
1-2: Ball
2-2: Ball
3-2: Fly out, F8 (Flyball, 8RD, EV 102.5 MPH)
Top of the 9th over - 0 runs, 0 hits, 0 errors, 0 left on base; Bowie 0 - Corpus Christi 4
Tuesday, March 28th , 2023 - OOTP Baseball 23.10 Build 110